 Dungeon Crawl Stone Soup version 0.18-a0-1577-gf591c28 (webtiles) character file.

1363 Chiseanne the Firebug (level 8, -1/66 HPs)
             Began as a Ghoul Fire Elementalist on Mar 24, 2016.
             Was a Follower of Vehumet.
             Slain by a sky beast (2 damage)
             ... on level 5 of the Dungeon.
             The game lasted 00:26:21 (8106 turns).

Chiseanne the Firebug (Ghoul Fire Elementalist)     Turns: 8106, Time: 00:26:22

Health: -1/66      AC:  3    Str: 12    XL:     8   Next: 64%
Magic:  11/13      EV: 12    Int: 12    God:    Vehumet [*.....]
Gold:   341        SH:  0    Dex:  9    Spells: 5 memorised, 2 levels left

rFire  . . .     SeeInvis .     a - +2 short sword (venom)
rCold  + . .     Gourm    .     t - +0 robe
rNeg   + + +     Faith    .     (no shield)
rPois  ∞         Spirit   .     q - +0 helmet
rElec  .         Dismiss  .     (no cloak)
rCorr  .         Reflect  .     (no gloves)
SustAt .         Harm     .     (no boots)
MR     +....                    (no amulet)
Stlth  ++........               (no ring)
                                p - ring of protection from magic

@: rotting, somewhat resistant to hostile enchantments, unstealthy
A: rotting body, claws 1, carnivore 3, cold resistance 1, negative energy
resistance 3, slow regeneration 1, torment resistance, unbreathing
a: Renounce Religion


You were on level 5 of the Dungeon.
You worshipped Vehumet.
Vehumet was aware of your devotion.
You were not hungry.

You visited 2 branches of the dungeon, and saw 8 of its levels.

You collected 437 gold pieces.
You spent 96 gold pieces at shops.

Inventory:

Hand Weapons
 a - a +2 short sword of venom (weapon)
 e - a +1 hunting sling of velocity
 s - a +3 war axe of pain
 w - a +0 blowgun
Missiles
 l - 65 sling bullets
 m - 75 arrows
 r - 26 poisoned needles
 y - 40 bolts
 B - 11 tomahawks (quivered)
Armour
 q - a +0 helmet (worn)
 t - a +0 robe (worn)
Jewellery
 p - a ring of protection from magic (left claw)
 u - an uncursed ring of resist corrosion {unknown}
Wands
 n - a wand of random effects (38/48)
Scrolls
 v - a scroll of remove curse
Potions
 d - 2 potions of ambrosia
 f - a potion of flight
 j - 3 potions of brilliance
 k - a potion of cure mutation {unknown}
 o - 4 potions of curing {unknown}
 x - a potion of heal wounds {unknown}
 z - 2 potions of agility {unknown}
Books
 b - a book of Flames

   Spells                             Type                      Level
   a - Flame Tongue                   Conjuration/Fire             1
   b - Throw Flame                    Conjuration/Fire             2
   c - Conjure Flame                  Conjuration/Fire             3
   d - Inner Flame                    Hexes/Fire                   3
   e - Sticky Flame                   Conjuration/Fire             4
   f - Fireball                       Conjuration/Fire             5
Comestibles
 c - 8 meat rations
 g - 2 slices of pizza
 h - 3 beef jerkies
 i - a royal jelly
 A - 13 chunks of flesh


   Skills:
 + Level 4.0 Fighting
 + Level 3.3 Dodging
 - Level 2.1 Stealth
 * Level 4.4 Spellcasting
 * Level 4.3 Conjurations
 * Level 5.0 Fire Magic


You had 2 spell levels left.
You knew the following spells:

 Your Spells              Type           Power        Failure   Level  Hunger
a - Flame Tongue          Conj/Fire      ##...        3%          1    None
b - Throw Flame           Conj/Fire      ##....       6%          2    ##.....
c - Conjure Flame         Conj/Fire      ##......     12%         3    ###....
d - Inner Flame           Hex/Fire       #.......     24%         3    ###....
e - Sticky Flame          Conj/Fire      ##......     34%         4    ####...


Dungeon Overview and Level Annotations

Branches:
Dungeon (7/15)             Temple (1/1) D:4

Altars:
Cheibriados
Dithmenos
Elyvilon
Fedhas
Kikubaaqudgha
Makhleb
Nemelex Xobeh
Okawaru
Qazlal
Sif Muna
Trog
Vehumet
Xom
Yredelemnul
The Shining One

Shops:
D:5 (   D:6 (

Annotations:
D:3 Purgy


Innate Abilities, Weirdness & Mutations

Your body is rotting away.
You thrive on raw meat.
You are immune to poison.
You have sharp fingernails.
You are carnivorous and can eat meat at any time.
Your flesh is cold resistant.
You are immune to negative energy.
You regenerate slowly when monsters are visible.
You are immune to unholy pain and torment.
You can survive without breathing.


Message History

There is a stone staircase leading down here.
Read which item? (? for menu, Esc to quit)
Okay, then.
Drink which item? (? for menu, Esc to quit)
Okay, then.
Evoke which item? (* to show all) (? for menu, Esc to quit)
Okay, then.
Eat one of 14 chunks of flesh? (ye/n/q/i?) This raw flesh tastes great!
The orc barely misses you. The orc priest barely misses you.
Something hits you.
* * * LOW HITPOINT WARNING * * *
Something shocks you.
* * * LOW HITPOINT WARNING * * *
The orc hits you with a dagger.
* * * LOW HITPOINT WARNING * * *
You continue eating.
The orc hits you with a short sword.
* * * LOW HITPOINT WARNING * * *
Something hits you.
You die...

##.## ##.........##
##.## #.........##
##.## ##...#.....###
##.## ##########
#####......##
##.#######........##
#........#
..###..............#
#.........
..##...............#
#...##....
#..............ooo.#
#...###...
##..............@.##
#...# ##..
#.............oo.#
#..## ##.
#...............##
#..# ##
#...............#
##..# #
#..............##
#..## #
#..........=..##
####..#
#............##
##..#..#
#..........###
##.....##
##.......###
##......#


You could see an orc priest and 4 orcs.

Vanquished Creatures
  An ice beast (D:5)
  An ogre (D:4)
  2 giant frogs (D:6)
  A gnoll sergeant (D:6)
  5 crimson imps
  2 hounds
  A gnoll shaman (D:6)
  2 orc priests
  2 orc wizards (D:5)
  Jessica (D:2)
  3 iguanas
  Ijyb (D:4)
  5 worker ants
  9 adders
  16 gnolls
  2 shadow imps (D:5)
  2 oozes
  An adder skeleton (D:5)
  An adder zombie (D:6)
  3 worms
  3 dart slugs
  4 giant geckos
  9 orcs
  4 giant cockroaches
  11 goblins
  9 hobgoblins
  11 jackals
  A quokka (D:7)
  3 ball pythons
  11 bats
  11 giant newts
  6 kobolds
  6 rats (D:2)
150 creatures vanquished.

Notes
Turn   | Place    | Note
--------------------------------------------------------------
     0 | D:1      | Chiseanne the Ghoul Fire Elementalist began the quest for the Orb.
     0 | D:1      | Reached XP level 1. HP: 14/14 MP: 2/2
   183 | D:1      | Reached skill level 1 in Conjurations
   302 | D:1      | Reached XP level 2. HP: 22/22 MP: 1/3
   594 | D:1      | Learned a level 2 spell: Throw Flame
   907 | D:2      | Reached XP level 3. HP: 27/27 MP: 0/5
  1251 | D:2      | Reached skill level 1 in Fighting
  1773 | D:2      | Reached XP level 4. HP: 34/34 MP: 4/6
  1799 | D:2      | Reached skill level 3 in Fire Magic
  1920 | D:2      | Learned a level 3 spell: Conjure Flame
  2168 | D:2      | Noticed Jessica
  2301 | D:2      | Killed Jessica
  2301 | D:2      | Reached XP level 5. HP: 37/41 MP: 3/7
  3065 | D:3      | You fall through a shaft for 2 floors!
  3065 | D:5      | Entered Level 5 of the Dungeon
  3198 | D:4      | HP: 1/41 [gnoll (4)]
  3202 | D:4      | Reached XP level 6. HP: 1/50 MP: 3/9
  3550 | D:4      | Learned a level 3 spell: Inner Flame
  3778 | D:4      | Noticed Ijyb
  3840 | D:4      | Killed Ijyb
  4131 | D:4      | Found a white marble altar of Elyvilon.
  4159 | D:4      | Reached XP level 7. HP: 45/56 MP: 10/10
  4231 | D:4      | Found a staircase to the Ecumenical Temple.
  4240 | Temple   | Entered the Ecumenical Temple
  5021 | D:3      | Found a sparkling altar of Nemelex Xobeh.
  5021 | D:3      | Noticed Purgy
  5030 | D:3      | Found a basalt altar of Yredelemnul.
  5190 | D:3      | Found a shimmering altar of Xom.
  5195 | D:3      | Found a radiant altar of Vehumet.
  5198 | D:3      | Became a worshipper of Vehumet
  5864 | D:5      | Reached skill level 4 in Fire Magic
  5908 | D:5      | Found a bloodstained altar of Trog.
  5909 | D:5      | Found an iron altar of Okawaru.
  6232 | D:5      | Found Durymuy's Weapon Boutique.
  6449 | D:5      | Found a sparkling altar of Nemelex Xobeh.
  6648 | D:5      | Learned a level 4 spell: Sticky Flame
  6807 | D:5      | Reached XP level 8. HP: 40/63 MP: 9/12
  7060 | D:5      | Reached * piety under Vehumet
  7060 | D:5      | Offered knowledge of Sandblast by Vehumet.
  7719 | D:6      | Found Meroog's Antique Weapon Boutique.
  7737 | D:6      | Bought a glowing quarterstaff for 96 gold pieces
  8089 | D:6      | Reached skill level 5 in Fire Magic
  8103 | D:6      | HP: 3/66 [something (6)]
  8106 | D:5      | HP: 1/66 [orc/short sword (2)]
  8106 | D:5      | Slain by a sky beast

Vault maps used:
D:1:      dpeg_arrival_shrine, minmay_misc_feat_doors
D:2:      kennysheep_six_static_rooms, uniq_jessica
D:3:      minitemple, nemelex_diamond_rough_becter, uniq_purgy
D:4:      kennysheep_the_goblin_king, elyvilon_altar_1,
          minmay_temple_entry_glass, roderic_lattice_a
D:5:      grunt_temple_overflow_bloody_war, lemuel_round_altar, first_bread,
          serial_shops, shop
D:6:      grunt_temple_overflow_gold_and_silver,
          nicolae_ru_the_path_less_chosen, serial_shops, shop, st_stairs_1
Temple:   circular_temple_pool_8

Skill      XL: |  1  2  3  4  5  6  7  8 |
---------------+-------------------------+-----
Conjurations   | 1 2 3 4 |  4.3
Spellcasting   | 2 3 4 |  4.4
Fighting       | 1 2 3 4 |  4.0
Fire Magic     | 3 4 5 |  5.0
Dodging        | 2 3 |  3.3
Stealth        | |  2.1

Action                   |  1- 3 |  4- 6 |  7- 9 || total
-------------------------+-------+-------+-------++-------
Melee: Unarmed           |   104 |    83 |       ||   187
       Short sword       |       |    55 |   246 ||   301
       War axe           |       |       |    10 ||    10
 Fire: Blowgun           |       |     3 |     5 ||     8
Throw: Tomahawk          |       |       |     1 ||     1
 Cast: Flame Tongue      |    42 |    70 |    50 ||   162
       Conjure Flame     |       |       |     1 ||     1
  Use: Scroll            |     5 |     4 |     9 ||    18
 Stab: Sleeping          |     3 |     3 |     4 ||    10
  Eat: Chunk             |    21 |    31 |    43 ||    95
